 Dungeon Crawl Stone Soup version 0.29.0-11-gd7f09526c8 (webtiles) character file.

Game seed: 10683800473208068478

29045 browni3141 the Marksspriggan (level 13, -3/56 HPs)
             Began as a Spriggan Transmuter on Sept 4, 2022.
             Was a High Priest of Dithmenos.
             Killed by angry trees
             ... awakened by a spriggan druid
              (15 damage)
             ... on level 1 of the Swamp on Sept 5, 2022.
             The game lasted 01:05:11 (19922 turns).

browni3141 the Marksspriggan (Spriggan Transmuter) Turns: 19922, Time: 01:05:11

Health: -3/56      AC:  3    Str:  3    XL:     13   Next: 13%
Magic:  19/20      EV: 42    Int: 25    God:    Dithmenos [*****.]
Gold:   594        SH:  0    Dex: 25    Spells: 7/20 levels left

rFire   . . .      SeeInvis +   b - +3 short sword (vamp)
rCold   . . .      Faith    .   (no shield)
rNeg    . . .      Spirit   .   x - +1 robe "Pyplim" {+Inv Dex+6 Stlth-}
rPois   .          Reflect  .   (helmet restricted)
rElec   .          Harm     .   m - scarf {repulsion}
rCorr   .          Rampage  .   (gloves unavailable)
Will    +++..                   (boots unavailable)
Stlth   ++++......              P - amulet of the acrobat
HPRegen 0.18/turn               M - ring of willpower
MPRegen 0.17/turn               I - +6 ring of intelligence

@: acrobatic, wreathed by umbra, repel missiles, slow
A: very small, no large weapons, unfitting armour, see invisible, speed 3,
clever 1, sense surroundings 1, weak 1
a: Renounce Religion, Evoke Invisibility, Shadow Step, Shadow Form


You were on level 1 of the Swamp.
You worshipped Dithmenos.
Dithmenos was extremely pleased with you.
You visited 5 branches of the dungeon, and saw 19 of its levels.
You also visited: Gauntlet.

You collected 984 gold pieces.
You spent 390 gold pieces at shops.


Innate Abilities, Weirdness & Mutations

You are very small and have problems with some larger weapons.
You are too small for most types of armour.
You have supernaturally acute eyesight. (SInv)
You cover ground extremely quickly. (Speed+++)
Your mind is acute. (Int +4, Str/Dex -1)
You passively map a small area around you.
You are weak. (Str -2)


   Skills:
 - Level 1.0 Fighting
 * Level 16.5 Ranged Weapons
 - Level 10.0 Dodging
 - Level 12.0 Stealth
 - Level 2.4 Unarmed Combat
 - Level 4.0 Spellcasting
 - Level 1.0 Conjurations
 - Level 6.0 Translocations
 - Level 4.0 Transmutations
 - Level 2.0 Air Magic
 * Level 2.0 Poison Magic
 * Level 7.0 Invocations
 - Level 6.0 Evocations


You had 7 spell levels left.
You knew the following spells:

 Your Spells              Type           Power      Damage    Failure   Level
a - Passwall              Tmut/Erth      12%        N/A       6%          2
e - Beastly Appendage     Tmut           50%        N/A       1%          1
m - Mephitic Cloud        Conj/Pois/Air  13%        N/A       14%         3
o - Portal Projectile     Hex/Tloc       40%        N/A       8%          3
u - Passage of Golubria   Tloc           35%        N/A       8%          4

Your spell library contained the following spells:

 Spells                   Type           Power      Damage    Failure   Level
 Wereblood                Tmut           25%        N/A       2%          2
 Shock                    Conj/Air       48%        1d6       4%          1
 Magic Dart               Conj           40%        1d5       6%          1
 Static Discharge         Conj/Air       12%        3-5/arc   8%          2
 Spider Form              Tmut/Pois      20%        N/A       8%          3
 Necrotise                Necr           20%        1d5       9%          1
 Summon Small Mammal      Summ           20%        N/A       9%          1
 Ignite Poison            Fire/Tmut/Pois 15%        N/A       12%         3
 Swiftness                Air            15%        N/A       12%         3
 Call Imp                 Summ           5%         N/A       14%         2
 Ensorcelled Hibernation  Hex/Ice        10%        N/A       14%         2
 Conjure Flame            Conj/Fire      7%         6-21      22%         3
 Call Canine Familiar     Summ           5%         N/A       26%         3
 Tukima's Dance           Hex            5%         N/A       26%         3
 Vampiric Draining        Necr           5%         2d6       26%         3
 Ice Form                 Ice/Tmut       15%        N/A       36%         4
 Sticky Flame             Conj/Fire      7%         2d3       58%         4
 Alistair's Intoxication  Tmut/Pois      13%        N/A       58%         5
 Anguish                  Hex/Necr       2%         N/A       65%         4
 Leda's Liquefaction      Hex/Erth       2%         N/A       65%         4
 Yara's Violent Unravell  Hex/Tmut       7%         3d5       73%         5
 Lightning Bolt           Conj/Air       6%         1d18      80%         5
 Freezing Cloud           Conj/Ice/Air   5%         6-21      86%         5
 Agony                    Necr           5%         N/A       94%         5
 Borgnjor's Vile Clutch   Necr/Erth      2%         N/A       94%         5
 Eringya's Noxious Bog    Tmut/Pois      10%        N/A       99%         6
 Summon Hydra             Summ           2%         N/A       100%        7
 Maxwell's Capacitive Co  Air            7%         ∞         100%        8

Inventory:

Hand Weapons
 a - the +4 hand crossbow "Arisix" {penet, Dex+3}
   (You acquired it on level 4 of the Lair of Beasts)

   Any ammunition fired by it passes through the targets it hits, potentially
   hitting all targets in its path until it reaches maximum range.
   Dex:       It affects your dexterity (+3).
 b - a +3 vampiric short sword (weapon)
 l - a +0 shortbow
Missiles
 D - a curare-tipped dart {@f4}
 L - 2 throwing nets
Armour
 m - a scarf of repulsion (worn)
 x - the +1 robe "Pyplim" (worn) {+Inv Dex+6 Stlth-}
   (You found it on level 4 of the Dungeon)

   Dex:       It affects your dexterity (+6).
   +Inv:      It lets you turn invisible.
   Stlth:     It makes you less stealthy.
 V - +0 acid dragon scales
Magical Staves
 n - a staff of conjuration {!a}
 U - a staff of cold
Jewellery
 f - a ring of protection from fire
 k - an amulet of reflection
 F - a ring of protection from fire
 I - a +6 ring of intelligence (right hand)
 M - a ring of willpower (left hand)
 N - a ring of positive energy
 P - an amulet of the acrobat (around neck)
 S - a +6 ring of strength
 X - the ring "Nuaraoh" {Fire MP+9}
   (You found it in a Gauntlet)

   [ring of fire]

   It enhances your fire magic.
   rF:        It protects you from fire.
   rC:        It makes you vulnerable to cold.
   MP:        It affects your magic capacity (+9).
 Z - a ring of wizardry
Wands
 j - a wand of roots (8)
 H - a wand of polymorph (6)
 J - a wand of flame (22)
Scrolls
 d - 3 scrolls of noise {!r}
 e - 3 scrolls of enchant armour
 p - a scroll of vulnerability {!r}
 q - 5 scrolls of teleportation {@r4}
 r - 5 scrolls of fear
 y - 2 scrolls of magic mapping
 z - 3 scrolls of torment {!r}
 A - 3 scrolls of fog {@r5}
 C - a scroll of blinking {@r3}
 G - a scroll of silence {!r}
 K - a scroll of poison {!r@f3}
 O - a scroll of immolation {!r}
 R - a scroll of enchant weapon
 Y - a scroll of brand weapon
Potions
 c - 3 potions of attraction {!q}
 g - 9 potions of curing {@q1}
 i - 3 potions of lignification {!q}
 o - 2 potions of haste {@q3}
 s - 2 potions of berserk rage {!q}
 t - a potion of magic
 u - 2 potions of mutation {!q}
 v - 2 potions of invisibility
 w - a potion of flight
 E - 2 potions of might
 Q - 2 potions of resistance
 T - a potion of cancellation
Miscellaneous
 B - a piece from Xom's chessboard (15/15)
 W - a lightning rod (4/4)

Dungeon Overview and Level Annotations

Branches:
Dungeon (11/15)            Temple (1/1) D:4            Lair (5/5) D:11
  Swamp (1/4) Lair:3       Spider (1/4) Lair:2          Orc (0/2) D:9
Gauntlet (visited)
  Slime: Lair:4-5

Altars:
Ashenzari
Cheibriados
Dithmenos
Elyvilon
Fedhas
Gozag
Hepliaklqana
Kikubaaqudgha
Makhleb
Nemelex Xobeh
Okawaru
Qazlal
Ru
Sif Muna
Trog
Uskayaw
Vehumet
Wu Jian
Xom
Yredelemnul
Zin
The Shining One

Shops:
D:6 :

Annotations:
D:2 Sigmund
D:3 Jessica
D:7 exclusion: downstairs
D:9 exclusion: orange demon, Amaemon
D:10 exclusion: gargoyle
D:11 Snorg
Lair:2 exclusion: downstairs
Lair:3 2 transporters, shobalk's ghost, journeyman MfIE
Spider:1 Nikola

♣~$ ♣♣D. ♣.~.
♣♣♣~ ♣♣♣ ♣♣♣ ♣.
♣.♣ ♣♣.♣♣♣♣ ♣♣
♣.♣ ♣.♣.♣.♣
♣♣†♣♣♣♣.§.~~♣
♣§@....~~~~.♣
♣~♣~§i~R♣.[.♣♣
♣..♣~~~~~.....♣
♣..♣.♣~§♣.♣..~♣ *
♣..♣~~~~~.♣♣.~♣
..♣♣.~~§~.♣♣§R♣ *
♣..*♣.§~~§♣~♣§§♣♣
*
~~.*♣♣.~~.♣§.§§.♣
* ,
*♣..♣~§§§§♣§~♣


You could see an eleionoma and a spriggan druid.


Message History

The eleionoma hurls a spray of splinters at you.
The spray of wooden splinters hits you!!!
Ouch! That really hurt!
* * * LOW HITPOINT WARNING * * *
You emit a cloud of dark smoke.
Unknown command.
The eleionoma flows through the trees.
Unknown command.
The eleionoma flows through the trees.
The spriggan druid misses you.
The spriggan druid mumbles some strange words.
The forest starts to sway and rumble!
You enter the shallow water.
Moving in this stuff is going to be slow.
A tree reaches out and hits you!
* * * LOW HITPOINT WARNING * * *
Trunks creak and shift.
You feel better.
Unknown command.
The trees move their gnarly branches around.
The spriggan druid attacks as you move away!
The spriggan druid splashes around in the water.
The forest calms down.
The spriggan druid attacks as you move away!
The spriggan druid misses you.
The spriggan druid mumbles some strange words.
The forest starts to sway and rumble!
Unknown command.
A tree reaches out and hits you!
You die...

Skill      XL: |  1  2  3  4  5  6  7  8  9 10 11 12 13 |
---------------+----------------------------------------+-----
Stealth        | 2 5 8 10 12 | 12.0
Fighting       | 1 |  1.0
Dodging        | 3 4 6 8 10 | 10.0
Transmutations | 3 4 |  4.0
Spellcasting   | 3 4 |  4.0
Ranged Weapons | 1 2 4 5 8 10 12 13 16 | 16.5
Evocations     | 5 6 |  6.0
Invocations    | 4 6 7 |  7.0
Translocations | 1 6 |  6.0
Air Magic      | 1 2 |  2.0
Poison Magic   | 1 2 |  2.0
Conjurations   | 1 |  1.0
Unarmed Combat | |  2.4

Action                   |  1- 3 |  4- 6 |  7- 9 | 10-12 | 13-15 || total
-------------------------+-------+-------+-------+-------+-------++-------
Melee: Unarmed           |    44 |       |       |       |       ||    44
       Kick              |    17 |       |       |       |       ||    17
       Headbutt          |    10 |     2 |       |       |       ||    12
       Short sword       |       |     3 |       |    32 |       ||    35
       Punch             |       |     1 |       |     2 |       ||     3
 Fire: Sling             |    84 |   225 |   422 |     1 |       ||   732
       Shortbow          |       |       |   141 |   404 |       ||   545
       Arbalest          |       |       |       |    84 |       ||    84
       Hand crossbow     |       |       |       |   278 |    27 ||   305
 Cast: Beastly Appendage |    11 |     1 |       |       |       ||    12
       Mephitic Cloud    |       |       |       |    12 |       ||    12
       Passwall          |       |       |       |     3 |       ||     3
Invok: Shadow Step       |       |       |       |       |     1 ||     1
Evoke: Wand              |       |       |       |    25 |       ||    25
  Use: Scroll            |       |     8 |     3 |    19 |     3 ||    33
       Potion            |       |     2 |     2 |       |     2 ||     6
 Stab: Sleeping          |     2 |       |       |     1 |       ||     3
       Confused          |       |       |       |    10 |       ||    10
       Paralysed         |       |       |       |     6 |       ||     6
Armor: Robe              |     8 |     6 |     3 |     5 |       ||    22
       Acid dragon scale |       |       |       |     4 |       ||     4
Dodge: Dodged            |    54 |    51 |    98 |   301 |    23 ||   527
       Repelled          |       |     1 |     3 |     3 |     1 ||     8
Block: Other             |     6 |     8 |    29 |    38 |       ||    81
       Reflection        |       |       |     6 |     1 |       ||     7

Levels and vault maps discovered:
D:1:      tarquinn_simple_flora_water_f, layout_loops_ring,
          basic_ecumenical_altar
D:2:      layout_basic, st_stairs_1, uniq_sigmund
D:3:      layout_basic, minmay_splitting_lines, solitary_fountain, uniq_terence,
          uniq_jessica
D:4:      layout_loops_cross, minmay_temple_entry_hall, dk_noncrumbling_3,
          dreamdust_gnoll_farm
D:5:      layout_cave_pods, mainiacjoe_overflow_surrounded_room,
          amcnicky_altar_gilded, uniq_pikel
D:6:      minmay_inner_zag, layout_loops_cross, serial_shops,
          nicolae_stop_n_shop_2
D:7:      layout_basic, vehumet_crystals, nicolae_figureground_pulse
D:8:      layout_cave_pods, lemuel_coloured_pillars_altar
D:9:      layout_roguey, jmf_multi_god_temple2, david_orc_5,
          serial_co_window_serial, co_window_corner_a, co_window_paths_b,
          co_window_paths_a, co_window_paths_a, co_window_corner_a,
          co_window_paths_b, co_window_paths_a, co_window_corner_a,
          co_window_paths_a, co_window_broadway_a, co_window_corner_b,
          co_window_2corner, co_window_2corner, co_window_corner_b,
          co_window_paths_d, minmay_misc_feat_chi, uniq_amaemon, uniq_erica
D:10:     layout_roguey, nicolae_overflow_crystal_walls, grunt_gozag_breadcrumbs
D:11:     minmay_the_grid_octo_tiled_octocenter [minmay_the_grid_octo_horde,
          minmay_the_grid_octo_empty, minmay_the_grid_octo_odd_swirl,
          minmay_the_grid_octo_toaster,
          minmay_the_grid_octo_prize_square_snowflake,
          minmay_the_grid_square_5x5_fat_x,
          minmay_the_grid_square_5x5_tetrominoes,
          minmay_the_grid_square_5x5_fancy_junction,
          minmay_the_grid_square_5x5_two_walls_b], layout_small_grid,
          lair_entry_dummy, chequers_serial_rivers_room_a, uniq_snorg
Temple:   zaba_magenta_temple
Lair:1:   layout_regular_city, beast_lair_carwin_2
Lair:2:   layout_loops_ring, nicolae_spider_entry_tight_spaces,
          grunt_forest_large_clearings
Lair:3:   layout_hall_layers, skrybe_swamp_entry_bodies, gauntlet_entry_generic,
          gammafunk_ghost_berserking_beasts, infiniplex_staircase_pool
Lair:4:   layout_regular_city
Lair:5:   due_jungle_book, layout_gridlike, minmay_slime_entry_pillars,
          nicolae_lair_grazing_beasts [nicolae_sub_lair_graze_edge,
          nicolae_sub_lair_graze_edge, nicolae_sub_lair_graze_edge,
          nicolae_sub_lair_graze_edge], grunt_megastairs_1
Swamp:1:  layout_falls_marsh, evilmike_swamp_ruin_rubble_1, swamp_pool5,
          nicolae_swamp_baby_hydras, infiniplex_staircase_pool_2
Spider:1: layout_spider_delve, nicolae_spider_bzzzt, uniq_agnes, uniq_nikola

Notes
Turn   | Place    | Note
-------+----------+-------------------------------------------
     0 | D:1      | browni3141 the Spriggan Transmuter began the quest for the
                  | Orb.
     0 | D:1      | Reached XP level 1. HP: 9/9 MP: 5/5
    75 | D:1      | Reached skill level 1 in Stealth
   210 | D:1      | Reached skill level 2 in Stealth
   210 | D:1      | Reached skill level 1 in Fighting
   234 | D:1      | Reached skill level 3 in Dodging
   234 | D:1      | Reached XP level 2. HP: 12/14 MP: 4/6
   237 | D:1      | Learned a level 2 spell: Passwall
   298 | D:1      | Reached skill level 3 in Transmutations
   429 | D:1      | Reached skill level 3 in Spellcasting
   658 | D:1      | Found a faded altar of an unknown god.
   970 | D:2      | Reached XP level 3. HP: 14/18 MP: 8/8
  1042 | D:2      | Noticed Sigmund
  1351 | D:2      | You fall into a shaft and drop 1 floor!
  1492 | D:3      | Reached skill level 1 in Ranged Weapons
  1647 | D:2      | Reached skill level 4 in Transmutations
  1647 | D:2      | Reached XP level 4. HP: 19/22 MP: 10/10
  1991 | D:3      | Noticed Terence
  2052 | D:3      | Killed Terence
  2053 | D:3      | Reached skill level 2 in Ranged Weapons
  2053 | D:3      | Reached skill level 4 in Spellcasting
  2619 | D:3      | Reached XP level 5. HP: 21/25 MP: 10/12
  2671 | D:3      | Noticed Jessica
  3185 | D:4      | Reached skill level 3 in Ranged Weapons
  3641 | D:4      | Reached skill level 4 in Ranged Weapons
  3641 | D:4      | Reached XP level 6. HP: 30/30 MP: 13/13
  3993 | D:4      | Found a staircase to the Ecumenical Temple.
  4067 | Temple   | Entered the Ecumenical Temple
  4152 | Temple   | Became a worshipper of Dithmenos the Shadowed
  4227 | D:4      | Reached skill level 5 in Ranged Weapons
  4264 | D:4      | Identified the +1 robe "Pyplim" {+Inv Dex+6 Stlth-}
  4423 | D:5      | Entered Level 5 of the Dungeon
  4542 | D:5      | Noticed an ice beast
  4574 | D:5      | Killed an ice beast
  4575 | D:5      | Reached skill level 4 in Dodging
  4593 | D:5      | Reached XP level 7. HP: 33/33 MP: 14/14
  4800 | D:5      | Reached skill level 6 in Ranged Weapons
  4800 | D:5      | Reached skill level 5 in Dodging
  5392 | D:5      | Reached skill level 6 in Dodging
  5539 | D:5      | Reached skill level 7 in Ranged Weapons
  5544 | D:5      | Noticed Pikel
  5665 | D:5      | Killed Pikel
  5666 | D:5      | Reached skill level 8 in Ranged Weapons
  5666 | D:5      | Reached skill level 5 in Stealth
  5666 | D:5      | Reached XP level 8. HP: 37/37 MP: 15/15
  5720 | D:5      | Found a hazy altar of Hepliaklqana.
  5800 | D:5      | Found a stormy altar of Qazlal.
  6092 | D:6      | Reached skill level 6 in Stealth
  6132 | D:6      | Reached * piety under Dithmenos
  6281 | D:6      | Reached skill level 7 in Stealth
  6487 | D:6      | Reached skill level 7 in Dodging
  6656 | D:6      | Noticed a troll
  6708 | D:6      | Killed a troll
  6709 | D:6      | Reached skill level 8 in Dodging
  6709 | D:6      | Reached skill level 8 in Stealth
  6709 | D:6      | Reached XP level 9. HP: 41/41 MP: 16/16
  6896 | D:6      | Found Paom's Book Boutique.
  7264 | D:6      | Reached skill level 9 in Dodging
  7449 | D:7      | Gained mutation: You are weak. (Str -2) [potion of
                  | mutation]
  7449 | D:7      | Gained mutation: Your mind is acute. (Int +4, Str/Dex -1)
                  | [potion of mutation]
  7449 | D:7      | Gained mutation: You passively map a small area around you.
                  | [potion of mutation]
  7618 | D:7      | Reached skill level 9 in Ranged Weapons
  7991 | D:7      | Reached skill level 10 in Dodging
  8020 | D:7      | Reached ** piety under Dithmenos
  8076 | D:7      | Found a radiant altar of Vehumet.
  8380 | D:8      | Reached skill level 10 in Ranged Weapons
  8833 | D:8      | Found a basalt altar of Yredelemnul.
  8937 | D:8      | Learned a level 3 spell: Portal Projectile
  8982 | D:6      | Bought Great Wizards, Vol. VII for 390 gold pieces
  8987 | D:6      | Learned a level 4 spell: Passage of Golubria
  9039 | D:8      | Reached XP level 10. HP: 45/45 MP: 17/17
  9355 | D:8      | Reached skill level 11 in Ranged Weapons
  9366 | D:8      | Reached *** piety under Dithmenos
  9912 | D:9      | Found a large runed translucent door.
  9929 | D:9      | Noticed Erica
  9955 | D:9      | Found a large runed translucent door.
 10039 | D:9      | Killed Erica
 10608 | D:9      | Noticed a two-headed ogre
 10629 | D:9      | Reached skill level 1 in Evocations
 10717 | D:9      | Reached skill level 12 in Ranged Weapons
 10717 | D:9      | Reached skill level 1 in Invocations
 11044 | D:9      | Found a staircase to the Orcish Mines.
 11095 | D:9      | Killed a two-headed ogre
 11096 | D:9      | Reached skill level 9 in Stealth
 11096 | D:9      | Reached skill level 2 in Invocations
 11096 | D:9      | Reached skill level 3 in Evocations
 11524 | D:9      | Noticed Amaemon
 11524 | D:9      | Noticed an orange demon
 11654 | D:9      | Found a burning altar of Makhleb.
 11657 | D:9      | Found a glowing golden altar of the Shining One.
 11707 | D:10     | Entered Level 10 of the Dungeon
 11713 | D:10     | Reached skill level 3 in Invocations
 11804 | D:10     | Reached skill level 4 in Evocations
 11987 | D:10     | Learned a level 3 spell: Mephitic Cloud
 12195 | D:10     | Reached skill level 10 in Stealth
 12230 | D:10     | Reached skill level 5 in Evocations
 12327 | D:10     | Reached skill level 4 in Invocations
 12327 | D:10     | Reached XP level 11. HP: 38/49 MP: 18/18
 12456 | D:10     | Found an ancient bone altar of Kikubaaqudgha.
 12556 | D:10     | Found an opulent altar of Gozag.
 12879 | D:11     | Found a staircase to the Lair.
 12882 | D:11     | Noticed a two-headed ogre
 12891 | D:11     | Reached skill level 6 in Evocations
 12928 | D:11     | Killed a two-headed ogre
 12929 | D:11     | Reached skill level 11 in Stealth
 12929 | D:11     | Reached skill level 5 in Invocations
 12929 | D:11     | Noticed Snorg
 12934 | D:11     | Noticed a two-headed ogre
 12969 | Lair:1   | Entered Level 1 of the Lair of Beasts
 12979 | Lair:1   | Noticed a seven-headed hydra
 13113 | Lair:2   | You fall into a shaft and drop 1 floor!
 13113 | Lair:3   | Noticed a bog body
 13113 | Lair:3   | Found a staircase to the Swamp.
 13116 | Lair:3   | Found a gate leading to a gauntlet.
 13125 | Gauntlet | Entered a Gauntlet
 13125 | Gauntlet | Found a transporter.
 13132 | Gauntlet | Found a transporter.
 13134 | Gauntlet | Found a transporter.
 13139 | Gauntlet | Noticed a shining eye
 13146 | Gauntlet | Found a runed translucent gate.
 13146 | Gauntlet | Found a runed translucent gate.
 13146 | Gauntlet | Found a runed translucent gate.
 13148 | Gauntlet | Found a transporter.
 13150 | Gauntlet | Found a transporter.
 13152 | Gauntlet | Noticed a death scarab
 13159 | Gauntlet | Noticed a death scarab
 13164 | Gauntlet | Found a transporter.
 13174 | Gauntlet | Noticed a six-headed hydra
 13175 | Gauntlet | Found a transporter.
 13184 | Gauntlet | Noticed a cacodemon
 13188 | Gauntlet | Found a transporter.
 13194 | Gauntlet | Noticed a hell beast
 13195 | Gauntlet | Found a transporter.
 13209 | Gauntlet | Found a transporter.
 13214 | Gauntlet | Noticed a swamp dragon
 13216 | Gauntlet | Noticed a fire crab
 13218 | Gauntlet | Found a transporter.
 13222 | Gauntlet | Found a transporter.
 13224 | Gauntlet | Noticed a two-headed ogre
 13224 | Gauntlet | a redback changed into a two-headed ogre
 13229 | Gauntlet | a fire crab changed into a tarantella
 13346 | Gauntlet | Found a transporter.
 13475 | Gauntlet | Killed a shining eye
 13496 | Gauntlet | Found a transporter.
 13498 | Gauntlet | Identified the ring "Nuaraoh" {Fire MP+9}
 13549 | Gauntlet | Identified the amulet "Bownit" {RegenMP Will- MP+9 Dex+4}
 13549 | Gauntlet | Noticed a minotaur
 13571 | Gauntlet | Killed a minotaur
 13572 | Gauntlet | Reached skill level 12 in Stealth
 13572 | Gauntlet | Reached skill level 6 in Invocations
 13581 | Gauntlet | Got the Monograph on the Allied Lungs
 13618 | Lair:3   | Found a transporter.
 13644 | Lair:3   | Found a transporter.
 13647 | Lair:3   | Noticed shobalk's ghost (journeyman MfIE)
 14019 | Lair:4   | Reached **** piety under Dithmenos
 14214 | Lair:5   | Entered Level 5 of the Lair of Beasts
 14295 | Lair:4   | Reached skill level 13 in Ranged Weapons
 14860 | Lair:4   | Identified a scroll of acquirement
 14873 | Lair:4   | Acquired the +4 hand crossbow "Arisix" {penet, Dex+3}
 15045 | Lair:3   | Killed a bog body
 15143 | Lair:3   | Noticed a boulder beetle
 15165 | Lair:3   | Reached skill level 1 in Translocations
 15271 | Lair:3   | Reached XP level 12. HP: 45/53 MP: 19/19
 15326 | Lair:3   | Reached skill level 2 in Translocations
 15481 | Lair:3   | Reached skill level 3 in Translocations
 15488 | Lair:3   | Reached skill level 14 in Ranged Weapons
 15488 | Lair:3   | Reached skill level 4 in Translocations
 15906 | Lair:3   | Identified a potion of resistance
 15944 | Swamp:1  | Entered Level 1 of the Swamp
 15956 | Swamp:1  | Reached skill level 5 in Translocations
 16274 | Lair:1   | Killed a seven-headed hydra
 16564 | Lair:3   | Reached skill level 6 in Translocations
 17879 | Swamp:1  | Noticed a one-headed hydra
 17891 | Swamp:1  | HP: 2/53 [spriggan druid/angry trees (16)]
 17892 | Swamp:1  | Noticed a five-headed hydra
 18447 | Lair:2   | Reached skill level 15 in Ranged Weapons
 18716 | Lair:2   | Identified the +6 mace "Latal" {pain, rF+ Will+ Str-4
                  | Dex+5}
 18737 | Lair:2   | Reached ***** piety under Dithmenos
 18795 | Lair:2   | Reached skill level 16 in Ranged Weapons
 18870 | Lair:2   | Found a hole to the Spider Nest.
 19291 | Spider:1 | Entered Level 1 of the Spider Nest
 19291 | Spider:1 | Noticed Nikola
 19291 | Spider:1 | Noticed an entropy weaver
 19291 | Spider:1 | Noticed a radroach
 19381 | Lair:5   | Noticed a death yak
 19384 | Lair:5   | Noticed a death yak
 19384 | Lair:5   | Noticed a death yak
 19387 | Lair:5   | Noticed a death yak
 19388 | Lair:5   | Noticed a death yak
 19389 | Lair:5   | Killed a death yak
 19397 | Lair:5   | Killed a death yak
 19397 | Lair:5   | Killed a death yak
 19398 | Lair:5   | Reached skill level 1 in Air Magic
 19398 | Lair:5   | Reached skill level 1 in Poison Magic
 19398 | Lair:5   | Reached XP level 13. HP: 56/56 MP: 20/20
 19436 | Lair:4   | Reached skill level 1 in Conjurations
 19667 | Swamp:1  | Noticed an eleionoma
 19671 | Swamp:1  | HP: 3/56 [bog body (21)]
 19715 | Swamp:1  | Reached skill level 2 in Air Magic
 19715 | Swamp:1  | Reached skill level 2 in Poison Magic
 19715 | Swamp:1  | Reached skill level 7 in Invocations
 19916 | Swamp:1  | HP: 4/56 [spriggan druid/angry trees (10)]
 19922 | Swamp:1  | Killed from afar by a spriggan druid

Vanquished Creatures
  A minotaur (Gauntlet)
  A hydra (Lair:1)
  Erica (D:9)
  4 death yaks
  2 two-headed ogres
  A goliath frog (Swamp:1)
  A spriggan druid (Swamp:1)
  Pikel (D:5)
  2 bog bodies
  A manticore (D:11)
  5 black mambas
  A shining eye (Gauntlet)
  A torpor snail (Lair:2)
  A rime drake (Lair:4)
  5 cane toads
  A gargoyle (D:10)
  5 komodo dragons
  A tyrant leech (Lair:3)
  2 trolls
  5 dream sheep (Lair:3)
  3 blink frogs (Lair:2)
  A vampire (D:8)
  4 jumping spiders (Lair:2)
  A shadow (D:10)
  A culicivora (Lair:2)
  A wraith (D:9)
  2 wyverns
  10 yaks
  2 steam dragons
  4 redbacks (Lair:2)
  15 water moccasins
  A black bear (D:5)
  7 orc warriors
  2 ice beasts
  2 sky beasts (D:6)
  2 ogres
  39 wolves
  A lemure (D:5)
  A phantom (D:5)
  2 centaurs
  2 kobold brigands
  3 necrophages
  5 bullfrogs
  3 scorpions
  9 wights
  3 killer bees (D:9)
  6 howler monkeys
  2 jellies
  9 orc priests
  4 hounds
  6 orc wizards
  Terence (D:3)
  An iguana (D:6)
  5 hell rats (Lair:2)
  5 gnolls
  6 adders
  4 shadow imps
  2 white imps (D:6)
  An ufetubus (D:5)
  4 worms
  4 dart slugs
  44 orcs
  11 ball pythons
  4 endoplasms
  2 giant cockroaches
  9 goblins
  7 hobgoblins
  2 quokkas (D:1)
  4 bats
  A frilled lizard (D:1)
  11 kobolds
  6 rats
329 creatures vanquished.

Vanquished Creatures (collateral kills)
  A goliath frog (Swamp:1)
  A scorpion (D:7)
  A hound (D:7)
3 creatures vanquished.

Vanquished Creatures (others)
  An unseen horror (D:10)
  A sky beast (D:8)
  26 fungi
  23 plants
  A withered plant (Gauntlet)
52 creatures vanquished.

Grand Total: 384 creatures vanquished

Table legend: (Time is in decaauts)
 A = Elapsed time spent in this place.
 B = Non-inter-level travel time spent in this place.
 C = Inter-level travel time spent in this place.
 D = Time resting spent in this place.
 E = Time spent auto-exploring this place.
 F = Levels seen in this place.
 G = Mean time per level.
                   A        B        C        D        E       F      G
               +--------+--------+--------+--------+--------+-----+--------+
         Total |  15259 |  14618 |    641 |   3362 |   6617 |  20 |  763.0 |
       Dungeon |   9632 |   9255 |    377 |    982 |   5068 |  11 |  875.6 |
        Temple |     60 |     35 |     25 |      0 |     30 |   1 |   60.0 |
          Lair |   4759 |   4522 |    237 |   1984 |   1508 |   5 |  951.8 |
         Swamp |    456 |    455 |      1 |    296 |     10 |   1 |  456.0 |
   Spider Nest |      1 |      1 |      0 |      0 |      0 |   1 |    1.0 |
      Gauntlet |    349 |    349 |      0 |    100 |      0 |   1 |  349.0 |
               +--------+--------+--------+--------+--------+-----+--------+

Top non-repeatable levels by time:
  Lair:3: 2731 daAuts
     D:9: 1631 daAuts
     D:3: 1095 daAuts
     D:4: 1055 daAuts
     D:5: 1018 daAuts
     D:6: 1013 daAuts
  Lair:4: 969 daAuts
  Lair:2: 952 daAuts
    D:10: 949 daAuts
     D:8: 805 daAuts
     D:7: 782 daAuts
     D:1: 636 daAuts
     D:2: 567 daAuts
 Swamp:1: 456 daAuts
Gauntlet: 349 daAuts

Table legend:
 A = Non-vault XP
 B = Vault XP
 C = Vault XP percentage of total XP
 D = Non-vault monster count
 E = Vault monster count
 F = Vault count percentage of total count
                 A         B        C        D         E       F
            +---------+---------+-------+---------+---------+-------
      Total |   31247 |   10246 |  24.7 |     253 |      80 |  24.0
            +---------+---------+-------+---------+---------+-------
        D:1 |      38 |       0 |   0.0 |      20 |       0 |   0.0
        D:2 |      37 |      20 |  35.1 |      11 |       3 |  21.4
        D:3 |      86 |      36 |  29.5 |      21 |       1 |   4.5
        D:4 |     344 |     108 |  23.9 |      15 |       4 |  21.1
        D:5 |     727 |     641 |  46.9 |      18 |       1 |   5.3
        D:6 |    1153 |     470 |  29.0 |      17 |       7 |  29.2
        D:7 |    1090 |       0 |   0.0 |      19 |       0 |   0.0
        D:8 |    1246 |       0 |   0.0 |      30 |       0 |   0.0
        D:9 |    1638 |    1544 |  48.5 |      15 |      24 |  61.5
       D:10 |    2938 |       0 |   0.0 |      13 |       0 |   0.0
       D:11 |    1347 |       0 |   0.0 |       2 |       0 |   0.0
     Lair:1 |     856 |       0 |   0.0 |       1 |       0 |   0.0
     Lair:2 |    5123 |    5215 |  50.4 |      29 |      36 |  55.4
     Lair:3 |    4902 |     625 |  11.3 |      18 |       1 |   5.3
     Lair:4 |    4215 |       0 |   0.0 |      16 |       0 |   0.0
     Lair:5 |    2580 |     163 |   5.9 |       4 |       1 |  20.0
    Swamp:1 |    2927 |       0 |   0.0 |       4 |       0 |   0.0
   Gauntlet |       0 |    1424 | 100.0 |       0 |       2 | 100.0
            +---------+---------+-------+---------+---------+-------
